 Dungeon Crawl Stone Soup version 0.30-b1-2-g02819fbbbe (webtiles) character file.

Game seed: 13033773036312691608

189 Galthrax the Grave Robber (level 5, 0/61 HPs)
             Began as a Gnoll Wanderer on May 18, 2023.
             Was a Follower of Dithmenos.
             Succumbed to a water moccasin's poison
             ... on level 5 of the Dungeon.
             The game lasted 00:03:58 (2366 turns).

Galthrax the Grave Robber (Gnoll Wanderer)          Turns: 2366, Time: 00:03:58

Health: 0/61       AC:  7    Str: 19    XL:     5   Next: 68%
Magic:  9/9        EV: 12    Int: 12    God:    Dithmenos [*.....]
Gold:   65         SH:  0    Dex: 11    Spells: 9/10 levels left

rFire   . . .        a - +0 mace
rCold   . . .        (no shield)
rNeg    . . .        g - +0 leather armour
rPois   .            (helmet restricted)
rElec   .            f - +0 cloak
rCorr   .            (no gloves)
SInv    .            b - +0 pair of boots
Will    .....        (no amulet) Stlth
                     S - +6 ring of strength
HPRegen 0.30/turn    (no ring)
MPRegen 0.11/turn

%: no passive effects
@: berserking, lethally poisoned (0 -> -19), wreathed by umbra, very quick
A: fangs 1, strong nose, distributed training, horns 1, talons 1, iridescent
scales 1
a: Renounce Religion


You were on level 5 of the Dungeon.
You worshipped Dithmenos.
Dithmenos was aware of your devotion.
You visited 1 branch of the dungeon, and saw 5 of its levels.

You collected 65 gold pieces.


Innate Abilities, Weirdness & Mutations

You have very sharp teeth.
Your uncanny sense of smell can sniff out nearby items.
Your experience applies equally to all skills.
You have a pair of small horns on your head.
You have sharp toenails.
You are partially covered in iridescent scales. (AC +2)


   Skills:
 + Level 3.1 Fighting
 + Level 1.6 Short Blades
 + Level 1.6 Long Blades
 + Level 1.6 Axes
 + Level 4.8 Maces & Flails
 + Level 1.6 Polearms
 + Level 1.6 Staves
 + Level 1.6 Ranged Weapons
 + Level 1.6 Throwing
 + Level 1.6 Armour
 + Level 3.1 Dodging
 + Level 2.9 Stealth
 + Level 1.6 Shields
 + Level 1.6 Unarmed Combat
 + Level 3.2 Spellcasting
 + Level 1.3 Conjurations
 + Level 1.3 Hexes
 + Level 1.3 Summonings
 + Level 7.2 Necromancy
 + Level 1.3 Translocations
 + Level 1.3 Transmutations
 + Level 1.3 Fire Magic
 + Level 1.3 Ice Magic
 + Level 1.3 Air Magic
 + Level 1.3 Earth Magic
 + Level 1.3 Poison Magic
 + Level 1.9 Invocations
 + Level 1.6 Evocations


You had 9 spell levels left.
You knew the following spells:

 Your Spells              Type           Power      Damage    Failure   Level
X - Necrotise             Necr           76%        1d7       1%          1

Your spell library contained the following spells:

 Spells                   Type           Power      Damage    Failure   Level
 Sublimation of Blood     Necr           19%        N/A       2%          2
 Anguish                  Hex/Necr       6%         N/A       43%         4

Inventory:

Hand Weapons
 a - a +0 mace (weapon)
Missiles
 e - 31 stones
Armour
 b - a +0 pair of boots (worn)
 f - a +0 cloak (worn)
   (You found it on level 1 of the Dungeon)
 g - a +0 leather armour (worn)
   (You found it on level 1 of the Dungeon)
Jewellery
 S - a +6 ring of strength (left hand)
   (You found it on level 1 of the Dungeon)
Scrolls
 j - 2 scrolls of vulnerability {!r!r}
 m - a scroll of fear
 n - a scroll of teleportation {@r4}
Potions
 c - 2 potions of might {unknown}
 d - a potion of berserk rage {!q}
 h - 2 potions of mutation {!q}
 i - 2 potions of haste {@q3}
 k - a potion of cancellation {unknown}
 l - a potion of resistance {unknown}

Dungeon Overview and Level Annotations

Branches:
Dungeon (6/15) Zot: 26692
 Temple: D:4-7

Altars:
Dithmenos

......# #...# ##..#
#...# ##..## #..##
##..# ..# ##S.##
#..# #.@.# #...## ..
###..## #....##..#
#...## ##........#
##..#####
#.........#
#..)...###..?......#
#..#................
#.####..............
#. ###............
.# #............


You could see a water moccasin.


Message History

The jackal misses you. The adder bites you. 😕 HP[-1]
You take 1 damage, and now have 26/34 hp.
The jackal closely misses you. 😕 HP[+1]
The jackal closely misses you.
You hit the jackal. You headbutt the jackal.
You kill the jackal!
Dithmenos accepts your kill. The adder barely misses you. 😕 HP[+1]
You closely miss the adder. Your punch misses the adder.
The adder barely misses you.
You sock the adder!
You kill the adder!
Dithmenos accepts your kill.
You hit the ogre. The ogre closely misses you. 😕 HP[+1]
You hit the ogre. The ogre barely misses you.
You closely miss the ogre. The ogre hits you with a +0 giant club!
* * * LOW HITPOINT WARNING * * *
😨 HP[-12]
You take 12 damage, and now have 17/34 hp.
MASSIVE DAMAGE!! (PAUSE)
You barely miss the ogre. Your headbutt misses the ogre.
You bite the ogre. 😮 HP[+1]
You closely miss the ogre. You headbutt the ogre. The ogre misses you.
You barely miss the ogre. You headbutt the ogre.
The ogre hits you with a +0 giant club.
* * * LOW HITPOINT WARNING * * *
😨 HP[-1]
You take 1 damage, and now have 17/34 hp.
You sock the ogre!
You kill the ogre!
Dithmenos accepts your kill.
Your Fighting skill increases to level 3!
Your Dodging skill increases to level 3!
You have reached level 5! 😮 HP[+4] MP[+1]
You now have 41 max hp (+7).
You regained 4 hp, and now have 21/41 hp.
Your mp is fully restored (9). 😮 HP[+1] 😮 HP[+1]
A water moccasin comes into view.
The water moccasin hisses angrily. 😮 HP[+1] 😮 HP[+1]
The water moccasin bites you. 😮 HP[-3]
You take 3 damage, and now have 22/41 hp.
You hit the water moccasin. The water moccasin misses you. 😮 HP[+1]
You closely miss the water moccasin.
Your headbutt misses the water moccasin.
The water moccasin closely misses you. The water moccasin bites you!
* * * LOW HITPOINT WARNING * * *
You are lethally poisoned!
The water moccasin poisons you! 😨 HP[-7]
You take 7 damage, and now have 16/41 hp.
You miss the water moccasin.
You hear the brisk rusting of a very distant drain.
* * * LOW HITPOINT WARNING * * *
You feel very sick. The water moccasin bites you.
* * * LOW HITPOINT WARNING * * *
😱 HP[-7]
You take 7 damage, and now have 9/41 hp.
Really quaff
d - 2 potions of berserk rage {!q}?
A red film seems to cover your vision as you go berserk!
You feel yourself moving faster!
You feel mighty!
* * * LOW HITPOINT WARNING * * *
You feel very sick. The water moccasin bites you.
* * * LOW HITPOINT WARNING * * *
The water moccasin closely misses you. 😱 HP[+1]
You now have 61 max hp (+20).
A water moccasin is nearby!
You closely miss the water moccasin.
Your headbutt misses the water moccasin.
* * * LOW HITPOINT WARNING * * *
You feel sick. The water moccasin bites you.
* * * LOW HITPOINT WARNING * * *
You are more poisoned.
The water moccasin poisons you! 😱 HP[-3]
You take 3 damage, and now have 7/61 hp.
You miss the water moccasin.
Your headbutt misses the water moccasin.
* * * LOW HITPOINT WARNING * * *
You feel very sick.
The water moccasin bites you but does no damage. 😱 HP[-3]
You take 3 damage, and now have 4/61 hp.
You miss the water moccasin.
Your headbutt misses the water moccasin.
Your bite misses the water moccasin.
You die...

Skill      XL: |  1  2  3  4 |
---------------+-------------+-----
Invocations    | 1 |  1.9
Short Blades   | 1 |  1.6
Long Blades    | 1 |  1.6
Axes           | 1 |  1.6
Polearms       | 1 |  1.6
Staves         | 1 |  1.6
Ranged Weapons | 1 |  1.6
Throwing       | 1 |  1.6
Armour         | 1 |  1.6
Shields        | 1 |  1.6
Unarmed Combat | 1 |  1.6
Evocations     | 1 |  1.6
Spellcasting   | 3 |  3.2
Conjurations   | 1 |  1.3
Hexes          | 1 |  1.3
Summonings     | 1 |  1.3
Translocations | 1 |  1.3
Transmutations | 1 |  1.3
Fire Magic     | 1 |  1.3
Ice Magic      | 1 |  1.3
Air Magic      | 1 |  1.3
Earth Magic    | 1 |  1.3
Poison Magic   | 1 |  1.3
Fighting       | 3 |  3.1
Dodging        | 3 |  3.1
Maces & Flails | |  4.8
Stealth        | |  2.9
Necromancy     | |  7.2

Action                     |  1- 3 |  4- 6 || total
---------------------------+-------+-------++-------
  Melee: Mace              |   117 |    35 ||   152
         Headbutt          |    19 |     6 ||    25
         Bite              |     7 |     2 ||     9
         Punch             |     3 |       ||     3
    Use: Scroll            |     3 |     3 ||     6
         Potion            |     1 |     1 ||     2
   Stab: Sleeping          |     2 |       ||     2
 Armour: Robe              |     2 |       ||     2
         Leather armour    |    48 |    14 ||    62
  Dodge: Dodged            |   110 |    30 ||   140

Levels and vault maps discovered:
D:1:      dpeg_arrival_boxes_within_box, layout_loops_ring,
          minmay_misc_feat_room
D:2:      layout_basic, shapermc_ecumenical_altar_mp_vishouse,
          minmay_misc_feat_cross
D:3:      layout_basic, serial_shops, nicolae_shop_real_fake_doors,
          kennysheep_generic_room_11, uniq_natasha, uniq_crazy_yiuf_cottage,
          uniq_sigmund, uniq_robin
D:5:      layout_layer_cave, portal_sewer_entry_f,
          kennysheep_opposing_triangles, uniq_grinder
D:6:      layout_basic, marbit_many_paths, uniq_pikel

Notes
Turn   | Place    | Note
-------+----------+-------------------------------------------
     0 | D:1      | Galthrax the Gnoll Wanderer began the quest for the Orb.
     0 | D:1      | Galthrax set off with the following items: a +0 mace, a +0
                  | pair of boots, a potion of mutation {!q}, a +0 robe; and
                  | the following spell memorised: Necrotise; and the following
                  | spells available to memorise: Sublimation of Blood,
                  | Anguish.
     0 | D:1      | Reached XP level 1. HP: 17/17 MP: 4/4
     0 | D:1      | magus.rc [v1.11.6]
     0 | D:1      | Gained mutation: You have a pair of small horns on your
                  | head. [potion of mutation]
     0 | D:1      | Gained mutation: You have sharp toenails. [potion of
                  | mutation]
     0 | D:1      | Gained mutation: You are partially covered in iridescent
                  | scales. (AC +2) [potion of mutation]
   117 | D:1      | HP: 4/17 [frozen (4)]
   198 | D:1      | Reached XP level 2. HP: 23/23 MP: 5/5
   714 | D:1      | Reached XP level 3. HP: 27/28 MP: 7/7
   905 | D:2      | Reached skill level 1 in Invocations
  1194 | D:2      | Reached skill level 1 in Short Blades
  1194 | D:2      | Reached skill level 1 in Long Blades
  1194 | D:2      | Reached skill level 1 in Axes
  1194 | D:2      | Reached skill level 1 in Polearms
  1194 | D:2      | Reached skill level 1 in Staves
  1194 | D:2      | Reached skill level 1 in Ranged Weapons
  1194 | D:2      | Reached skill level 1 in Throwing
  1194 | D:2      | Reached skill level 1 in Armour
  1194 | D:2      | Reached skill level 1 in Shields
  1194 | D:2      | Reached skill level 1 in Unarmed Combat
  1194 | D:2      | Reached skill level 1 in Evocations
  1298 | D:2      | Found a faded altar of an unknown god.
  1906 | D:2      | Prayed at the altar of an unknown god.
  1906 | D:2      | Became a worshipper of Dithmenos the Shadowed
  1906 | D:2      | Reached * piety under Dithmenos
  1960 | D:2      | Reached XP level 4. HP: 22/34 MP: 8/8
  2038 | D:3      | You fall into a shaft and drop 3 floors!
  2063 | D:5      | Entered Level 5 of the Dungeon
  2070 | D:5      | Reached skill level 3 in Spellcasting
  2228 | D:5      | Reached skill level 1 in Conjurations
  2228 | D:5      | Reached skill level 1 in Hexes
  2228 | D:5      | Reached skill level 1 in Summonings
  2228 | D:5      | Reached skill level 1 in Translocations
  2228 | D:5      | Reached skill level 1 in Transmutations
  2228 | D:5      | Reached skill level 1 in Fire Magic
  2228 | D:5      | Reached skill level 1 in Ice Magic
  2228 | D:5      | Reached skill level 1 in Air Magic
  2228 | D:5      | Reached skill level 1 in Earth Magic
  2228 | D:5      | Reached skill level 1 in Poison Magic
  2317 | D:5      | Noticed an ogre
  2342 | D:5      | Killed an ogre
  2343 | D:5      | Reached skill level 3 in Fighting
  2343 | D:5      | Reached skill level 3 in Dodging
  2343 | D:5      | Reached XP level 5. HP: 21/41 MP: 9/9
  2351 | D:5      | Noticed a water moccasin
  2362 | D:5      | HP: 9/41 [water moccasin (2)]
  2365 | D:5      | HP: 4/61 [poisoned by a water moccasin]
  2366 | D:5      | Succumbed to a water moccasin's poison

Vanquished Creatures
  An ogre (D:5)
  A hound (D:5)
  2 adders
  A white imp (D:5)
  A worm (D:2)
  2 orcs (D:2)
  5 ball pythons
  4 endoplasms
  3 giant cockroaches
  2 goblins
  5 hobgoblins
  5 jackals
  A kobold (D:1)
  A quokka (D:2)
  5 bats
  3 frilled lizards
  2 rats
44 creatures vanquished.

Table legend:
 A = Non-vault XP
 B = Vault XP
 C = Vault XP percentage of total XP
 D = Non-vault monster count
 E = Vault monster count
 F = Vault count percentage of total count
                 A         B        C        D         E       F
            +---------+---------+-------+---------+---------+-------
      Total |     270 |       0 |   0.0 |      44 |       0 |   0.0
            +---------+---------+-------+---------+---------+-------
        D:1 |      40 |       0 |   0.0 |      24 |       0 |   0.0
        D:2 |      43 |       0 |   0.0 |      15 |       0 |   0.0
        D:5 |     187 |       0 |   0.0 |       5 |       0 |   0.0
            +---------+---------+-------+---------+---------+-------

Skill      XL: |  1  2  3  4 |
---------------+-------------+-----
Invocations    | 1 |  1.9
Short Blades   | 1 |  1.6
Long Blades    | 1 |  1.6
Axes           | 1 |  1.6
Polearms       | 1 |  1.6
Staves         | 1 |  1.6
Ranged Weapons | 1 |  1.6
Throwing       | 1 |  1.6
Armour         | 1 |  1.6
Shields        | 1 |  1.6
Unarmed Combat | 1 |  1.6
Evocations     | 1 |  1.6
Spellcasting   | 3 |  3.2
Conjurations   | 1 |  1.3
Hexes          | 1 |  1.3
Summonings     | 1 |  1.3
Translocations | 1 |  1.3
Transmutations | 1 |  1.3
Fire Magic     | 1 |  1.3
Ice Magic      | 1 |  1.3
Air Magic      | 1 |  1.3
Earth Magic    | 1 |  1.3
Poison Magic   | 1 |  1.3
Fighting       | 3 |  3.1
Dodging        | 3 |  3.1
Maces & Flails | |  4.8
Stealth        | |  2.9
Necromancy     | |  7.2

Action                     |  1- 3 |  4- 6 || total
---------------------------+-------+-------++-------
  Melee: Mace              |   117 |    35 ||   152
         Headbutt          |    19 |     6 ||    25
         Bite              |     7 |     2 ||     9
         Punch             |     3 |       ||     3
    Use: Scroll            |     3 |     3 ||     6
         Potion            |     1 |     1 ||     2
   Stab: Sleeping          |     2 |       ||     2
 Armour: Robe              |     2 |       ||     2
         Leather armour    |    48 |    14 ||    62
  Dodge: Dodged            |   110 |    30 ||   140

Illustrated notes

Table legend:
 A = Kills in this place as a percentage of kills in the entire game.
 B = Kills by you in this place as a percentage of kills by you in the entire game.
 C = Kills by friends in this place as a percentage of kills by friends in the entire game.
 D = Other kills in this place as a percentage of other kills in the entire game.
 E = Experience gained in this place as a percentage of experience gained in the entire game.
 F = Experience gained in this place divided by the number of levels of this place that you have seen.
                   A       B       C       D       E      F
               +-------+-------+-------+-------+-------+----------------------
         Total | 100.0 | 100.0 |   N/A |   N/A | 100.0 |  54.0
       Dungeon | 100.0 | 100.0 |   N/A |   N/A | 100.0 |  54.0
               +-------+-------+-------+-------+-------+----------------------

Table legend: (Time is in decaauts)
 A = Elapsed time spent in this place.
 B = Non-inter-level travel time spent in this place.
 C = Inter-level travel time spent in this place.
 D = Time resting spent in this place.
 E = Time spent auto-exploring this place.
 F = Levels seen in this place.
 G = Mean time per level.
                   A        B        C        D        E       F      G
               +--------+--------+--------+--------+--------+-----+--------+
         Total |   2390 |   2229 |    161 |     44 |   1704 |   5 |  478.0 |
       Dungeon |   2390 |   2229 |    161 |     44 |   1704 |   5 |  478.0 |
               +--------+--------+--------+--------+--------+-----+--------+

Top non-repeatable levels by time:
     D:2: 1192 daAuts
     D:1: 862 daAuts
     D:5: 307 daAuts
     D:6: 24 daAuts
     D:3: 3 daAuts
